 Dungeon Crawl Stone Soup version 0.26.1-11-gd32895ea62 (webtiles) character file.

Game seed: 6136915619210343073

49 DildoBatman the Conjurer (level 4, 0/30 HPs)
             Began as a Formicid Conjurer on June 20, 2021.
             Slain by a hobgoblin (4 damage)
             ... on level 2 of the Dungeon.
             The game lasted 00:03:11 (1169 turns).

DildoBatman the Conjurer (Formicid Conjurer)        Turns: 1169, Time: 00:03:12

Health: 0/30       AC:  3    Str: 12    XL:     4   Next: 1%
Magic:  7/7        EV: 12    Int: 17    God:
Gold:   105        SH:  0    Dex: 10    Spells: 4/7 levels left

rFire    . . .     SeeInvis +   c - +1 dagger (venom)
rCold    . . .     Faith    .   (no shield)
rNeg     . . .     Spirit   .   a - +0 robe
rPois    .         Reflect  .   (helmet unavailable)
rElec    .         Harm     .   (no cloak)
rCorr    .         Rampage  .   i - +0 pair of gloves
Will     .....                  (no boots)
Stlth    ++........             (no amulet)
HPRegen  0.10/turn              (no ring)
MPRegen  0.10/turn              (no ring)

@: no status effects
A: permanent stasis, dig shafts and tunnels, four strong arms, antennae 3
a: Dig, Shaft Self


You were on level 2 of the Dungeon.
You visited 1 branch of the dungeon, and saw 3 of its levels.

You collected 105 gold pieces.

Inventory:

Hand Weapons
 c - a +1 dagger of venom (weapon)
Missiles
 b - 82 stones
Armour
 a - a +0 robe (worn)
 g - a +0 leather armour of poison resistance
 i - a +0 pair of gloves (worn)
Scrolls
 f - a scroll of identify {unknown}
 h - 2 scrolls of remove curse {unknown}
 k - a scroll of magic mapping {unknown}
 m - a scroll of enchant weapon {unknown}
Potions
 d - 3 potions of curing {unknown}
 e - 2 potions of haste {unknown}
 j - a potion of berserk rage {unknown}
 l - a potion of lignification {unknown}
 n - a potion of ambrosia {unknown}
 o - a potion of brilliance {unknown}


   Skills:
 - Level 1.7 Dodging
 - Level 2.4 Stealth
 - Level 2.1 Spellcasting
 * Level 4.8 Conjurations


You had 4 spell levels left.
You knew the following spells:

 Your Spells              Type           Power        Failure   Level
a - Searing Ray           Conj           36%          3%          2
c - Magic Dart            Conj           72%          2%          1

Your spell library contained the following spells:

 Spells                   Type           Power        Failure   Level
 Dazzling Flash           Conj/Hex       20%          22%         3
 Fulminant Prism          Conj/Hex       5%           56%         4
 Iskenderun's Mystic Bla  Conj/Tloc      10%          56%         4


Dungeon Overview and Level Annotations

Branches:
Dungeon (3/15)

Altars:


Innate Abilities, Weirdness & Mutations

You cannot be hasted, slowed, berserked, paralysed or teleported.
You can dig through walls and to a lower floor.
Your four strong arms can wield two-handed weapons with a shield.
You have a pair of large antennae on your head. (SInv)


Message History

Anything else - Cancel.
You shout for attention!
The hobgoblin hits you. What are your orders? t - Shout!
Orders for allies: a - Attack new target. r - Retreat! s - Stop attacking. g - Guard the area. f - Follow me.
Anything else - Cancel.
You shout for attention!
The hobgoblin misses you. What are your orders? t - Shout!
Orders for allies: a - Attack new target. r - Retreat! s - Stop attacking. g - Guard the area. f - Follow me.
Anything else - Cancel.
You shout for attention!
The hobgoblin hits you.
You die...

##.......## #..
#.........### ..
+.........'.. ..
#.........### .##
##.......## ..#
##.....## # #.#
##...## #.##.#
##'####### #...@##
#.##.....
###.g.#######†##.####
#..#.#....#.##.####
#..##.)##....#.#...
....###.##......#.##
###.## #.##....#.#.##
#.####.##.#.##.#.##
#.......#.####.....
######...........##


You could see a hobgoblin.

Vanquished Creatures
  An adder (D:3)
  A worm (D:2)
  3 giant cockroaches
  5 goblins
  4 hobgoblins
  6 jackals (D:1)
  3 kobolds
  7 bats
  A rat (D:2)
31 creatures vanquished.

Notes
Turn   | Place    | Note
-------+----------+-------------------------------------------
     0 | D:1      | DildoBatman the Formicid Conjurer began the quest for the
                  | Orb.
     0 | D:1      | Reached XP level 1. HP: 13/13 MP: 3/3
   234 | D:1      | Reached skill level 4 in Conjurations
   234 | D:1      | Reached XP level 2. HP: 19/19 MP: 0/5
   662 | D:1      | Reached XP level 3. HP: 16/24 MP: 2/6
   847 | D:2      | You fall into a shaft and drop 1 floor!
   859 | D:3      | Learned a level 2 spell: Searing Ray
  1115 | D:2      | Reached XP level 4. HP: 30/30 MP: 7/7
  1169 | D:2      | Slain by a hobgoblin

Illustrated notes

Levels and vault maps discovered:
D:1:      elethiomel_arrival_maze, layout_rooms
D:2:      layout_loops_corners, serial_bayou, serial_bayou_pond_c,
          serial_bayou_shore_a, serial_bayou_pond_e, serial_bayou_pond_c,
          serial_bayou_shore_b, serial_bayou_pond_d
D:3:      layout_rooms, marbit_many_paths, serial_curves, eino_curves_02,
          eino_curves_03, roderic_lattice_a, lightli_corner_chamber

Skill      XL: |  1 |
---------------+----+-----
Conjurations   | 4 |  4.8
Dodging        | |  1.7
Stealth        | |  2.4
Spellcasting   | |  2.1

Action                   |  1- 3 |  4- 6 || total
-------------------------+-------+-------++-------
Melee: Dagger            |    52 |       ||    52
 Cast: Magic Dart        |    44 |       ||    44
       Searing Ray       |     1 |       ||     1
 Abil: Dig               |     2 |     1 ||     3
 Stab: Sleeping          |     1 |       ||     1
Armor: Robe              |    10 |     8 ||    18
Dodge: Dodged            |    41 |    26 ||    67
